 Dungeon Crawl Stone Soup version 0.23-a0-164-g7711e57 (webtiles) character file.

109134 KristoblXynda the Carver (level 16, -8/180 HPs)
             Began as a Red Draconian Hunter on Sept 10, 2018.
             Was the Champion of Hepliaklqana.
             Mangled by mopl's ghost (23 damage)
             ... on level 2 of the Snake Pit.
             The game lasted 01:54:36 (35052 turns).

KristoblXynda the Carver (Red Draconian Hunter)    Turns: 35052, Time: 01:54:36

Health: -8/180     AC: 28    Str: 23    XL:     16   Next: 4%
Magic:  11/28      EV:  2    Int: 19    God:    Hepliaklqana [******]
Gold:   726        SH:  8    Dex: 17    Spells: 24/31 levels left

rFire    . . .     SeeInvis .   L - +3 scimitar (flame)
rCold    + + .     Gourm    .   Q - +0 buckler "Uhihanoi" {rC+}
rNeg     + + +     Faith    .   (armour unavailable)
rPois    +         Spirit   .   (helmet currently unavailable)
rElec    .         Reflect  +   (cloak currently unavailable)
rCorr    .         Harm     .   (gloves currently unavailable)
MR       +....     NoTele   +   (boots currently unavailable)
Stlth    ++++......             z - amulet "Zos Vyt" {Reflect Str+3 Int+3 Dex+4 SH+3}
HPRegen  0.40/turn              r - ring of protection from cold
MPRegen  0.21/turn              B - +4 ring of strength

@: short of breath, tree-form
A: (breathe fire), unfitting armour, reduced essence, AC +9
a: Recall Ancestor, Ancestor Identity, Transference, Idealise, Renounce Religion


You were on level 2 of the Snake Pit.
You worshipped Hepliaklqana.
Hepliaklqana was exalted by your worship.
You were not hungry.
You were a tree.
You visited 7 branches of the dungeon, and saw 28 of its levels.
You also visited: Sewer and Ice Cave.

You collected 2351 gold pieces.
You spent 1625 gold pieces at shops.

Inventory:

Hand Weapons
 a - a +2 hand crossbow of venom
 y - a +3 broad axe of chopping
 L - a +3 scimitar of flaming (weapon)
Missiles
 c - 524 bolts
 x - a throwing net (quivered)
Armour
 j - a scarf of spirit shield (melded)
 q - a +1 pair of gloves (melded)
 F - a +1 pair of boots of stealth (melded)
 K - a +2 hat of intelligence (melded)
 Q - the +0 buckler "Uhihanoi" (worn) {rC+}
   (You bought it in a shop on level 2 of the Orcish Mines)

   It protects you from cold.
Jewellery
 i - an uncursed amulet of the acrobat
 r - a ring of protection from cold (left branch)
 z - the amulet "Zos Vyt" (around neck) {Reflect Str+3 Int+3 Dex+4 SH+3}
   (You bought it in a shop on level 7 of the Dungeon)

   [amulet of reflection]

   It shields you and reflects attacks.
   It affects your strength (+3).
   It affects your intelligence (+3).
   It affects your dexterity (+4).
   It affects your SH (+3).
 B - a +4 ring of strength (right branch)
 E - an uncursed ring of protection from fire
 T - an uncursed ring of see invisible
Wands
 b - a wand of scattershot (5)
 o - a wand of clouds (1)
 D - a wand of paralysis (6)
 G - a wand of digging (9)
Scrolls
 e - 8 scrolls of remove curse
 n - 3 scrolls of enchant armour
 s - 8 scrolls of identify
 u - a scroll of teleportation
 v - 6 scrolls of fear
 C - 2 scrolls of fog
 H - a scroll of blinking
 M - a scroll of amnesia
 P - 2 scrolls of magic mapping
Potions
 f - a potion of haste
 g - 5 potions of cancellation
 h - a potion of flight
 k - 4 potions of invisibility
 l - a potion of ambrosia
 m - 2 potions of curing
 p - 2 potions of brilliance
 w - a potion of magic
 A - a potion of resistance
 N - 3 potions of lignification
 R - 2 potions of agility
 S - a potion of might
Miscellaneous
 J - a lamp of fire
Comestibles
 d - 22 rations


   Skills:
 - Level 10.1 Fighting
   Level 5.0(9.5) Short Blades
 + Level 12.2(12.6) Long Blades
 - Level 11.0 Crossbows
 - Level 10.0 Dodging
 - Level 7.0 Stealth
 - Level 4.0 Shields
 + Level 8.0 Spellcasting
 - Level 5.0 Necromancy
 + Level 3.5 Air Magic
 - Level 10.0 Invocations
 - Level 10.3 Evocations


You had 24 spell levels left.
You knew the following spells:

 Your Spells              Type           Power        Failure   Level  Hunger
a - Vampiric Draining     Necr           ####......   3%          3    None
b - Summon Lightning Spi  Summ/Air       ##......     41%         4    ###....

Your spell library contained the following spells:

 Spells                   Type           Power        Failure   Level  Hunger
 Pain                     Necr           ####         1%          1    None
 Poisonous Vapours        Pois/Air       ##....       7%          2    None
 Corona                   Hex            #......      9%          1    None
 Magic Dart               Conj           #...         9%          1    None
 Sting                    Conj/Pois      #...         9%          1    None
 Ensorcelled Hibernation  Hex/Ice        #.....       14%         2    None
 Searing Ray              Conj           #.....       14%         2    None
 Mephitic Cloud           Conj/Pois/Air  ##......     17%         3    None
 Confuse                  Hex            #.......     26%         3    None
 Conjure Flame            Conj/Fire      #.......     26%         3    None
 Dazzling Spray           Conj/Hex       #.....       26%         3    None
 Recall                   Summ/Tloc      N/A          26%         3    None
 Summon Guardian Golem    Hex/Summ       #.......     26%         3    None
 Tukima's Dance           Hex            #.......     26%         3    None
 Force Lance              Conj/Tloc      #.......     65%         4    ###....
 Fulminant Prism          Conj/Hex       #.........   65%         4    ###....
 Iskenderun's Mystic Bla  Conj           #.......     65%         4    ###....
 Olgreb's Toxic Radiance  Pois           #.......     65%         4    ###....
 Silence                  Hex/Air        ##........   77%         5    #####..
 Venom Bolt               Conj/Pois      #.........   94%         5    #####..
 Conjure Ball Lightning   Conj/Air       ##........   100%        6    ######.
 Deflect Missiles         Chrm/Air       ##........   100%        6    ######.
 Freezing Cloud           Conj/Ice/Air   ##........   100%        6    ######.
 Ring of Flames           Chrm/Fire      #.........   100%        7    #######
 Tornado                  Air            ###.......   100%        9    #######


Dungeon Overview and Level Annotations

Branches:
Dungeon (13/15)            Temple (1/1) D:5            Lair (6/6) D:8
  Swamp (3/4) Lair:3        Snake (2/4) Lair:2        Slime (0/5) Lair:6
    Orc (2/2) D:10            Elf (1/3) Orc:2
 Vaults: D:13-14

Altars:
Ashenzari
Cheibriados
Dithmenos
Elyvilon
Fedhas
Gozag
Hepliaklqana
Kikubaaqudgha
Makhleb
Nemelex Xobeh
Okawaru
Qazlal
Ru
Sif Muna
Trog
Uskayaw
Vehumet
Wu Jian
Xom
Yredelemnul
Zin
The Shining One
Jiyva

Shops:
D:7 *   D:8 !   D:12 !}   Orc:1 =?}*:   Orc:2 ![**[?[   Snake:1 [

Annotations:
D:4 3 runed doors, Arum's ghost, novice DrCK
D:10 2 runed doors, exclusion: orange crystal statue
Lair:5 exclusion: 4 oklob plants
Swamp:3 Nikola
Snake:1 Rupert
Snake:2 mopl's ghost, adept MfAK


Innate Abilities, Weirdness & Mutations

((You can breathe blasts of fire.))
((Your fiery red scales are hard. (AC +9)))
You cannot fit into any form of body armour.
((Your flesh is heat resistant. (rF+)))
((You are cold-blooded and may be slowed by cold attacks.))
Your life essence is reduced to manifest your ancestor. (-10% HP)
((You have a pair of small antennae on your head.))
((You have a beak for a mouth.))
((Your tail ends in a poisonous barb.))


Message History

You closely miss mopl's ghost.
Mopl's ghost is heavily damaged.
Mopl's ghost gestures wildly while chanting.
Nothing appears to happen.
Ilshubani closely misses mopl's ghost.
You hit mopl's ghost. You burn mopl's ghost.
Mopl's ghost is heavily damaged.
Mopl's ghost hits you!!
* * * LOW HITPOINT WARNING * * *
x2 You miss mopl's ghost.
Mopl's ghost is heavily damaged.
Ilshubani barely misses mopl's ghost.
You miss mopl's ghost.
Mopl's ghost is heavily damaged.
Mopl's ghost hits you but does no damage.
Ilshubani barely misses mopl's ghost.
Unknown command.
You slash mopl's ghost! You burn mopl's ghost.
Mopl's ghost is heavily damaged.
Mopl's ghost hits you!!
You die...

#§§§# #§§§#
###§## #§§§§#
#.. #§§§##
###..####§§§#
.....§§♣WR§§#
###..####§..#
#...####...#
#..##....#
#....####
##.#### #..#
#..# #..#


You could see the friendly Ilshubani the hexer and mopl's ghost.

Vanquished Creatures
  Gastronok (D:10)
  A sphinx (D:12)
  A thorn hunter (Swamp:2)
  An orc warlord (D:10)
  A dire elephant (Lair:6)
  An ettin (D:12)
  7 hydras
  A ghost crab (Swamp:3)
  Erica (D:10)
  A shambling mangrove (Swamp:2)
  A centaur warrior (D:13)
  An anaconda (Snake:1)
  5 alligators
  3 death yaks (Lair:6)
  A naga sharpshooter (Snake:1)
  2 shock serpents
  Sonja (Lair:1)
  A spriggan druid (Swamp:2)
  A naga ritualist (Snake:1)
  3 lindwurms (Lair:6)
  2 swamp dragons
  A mana viper (Snake:1)
  4 orc knights
  2 cyclopes (D:12)
  A deep elf mage (D:12)
  A faun (Lair:6)
  An oklob plant (Lair:3)
  2 salamanders
  3 centaur zombies
  2 elephants (Lair:6)
  18 black mambas
  A centaur skeleton (D:11)
  3 rime drakes (Lair:6)
  13 spiny frogs
  7 komodo dragons
  2 trolls (D:13)
  A polar bear (Lair:5)
  2 hornets (Swamp:2)
  2 tyrant leeches (Swamp:1)
  8 hippogriffs
  4 bog bodies
  2 dream sheep (Lair:6)
  8 blink frogs
  13 slime creatures
  2 shadows
  5 spriggans
  22 yaks
  A wraith (D:9)
  Eustachio (D:4)
  5 wyverns
  Grum (D:8)
  7 basilisks
  8 vampire mosquitoes
  3 hungry ghosts
  A steam dragon (D:10)
  A warg (Orc:1)
  7 swamp worms
  A death yak simulacrum (IceCv)
  8 nagas
  6 insubstantial wisps (Swamp:1)
  3 acid dragons
  17 water moccasins
  9 porcupines
  5 swamp drakes
  33 orc warriors
  A black bear (D:8)
  2 necrophages
  10 ice beasts
  2 sky beasts
  3 phantoms
  9 ogres
  43 wolves
  14 centaurs
  4 big kobolds
  9 crocodiles
  12 bullfrogs
  An elf skeleton (D:9)
  A water moccasin skeleton (D:9)
  A scorpion (D:12)
  5 killer bees
  A vampire bat (D:5)
  2 howler monkeys
  2 bullfrog zombies
  A crimson imp (D:7)
  3 human zombies (D:9)
  A quasit (D:11)
  16 orc priests
  9 hounds
  2 jellies
  3 bullfrog skeletons
  Crazy Yiuf (D:4)
  5 iguanas
  3 human skeletons (D:9)
  Natasha (thrice) (D:2)
  16 orc wizards
  4 worker ants
  2 hound skeletons
  A mummy (D:9)
  Robin (D:4)
  6 gnolls (D:5)
  A howler monkey skeleton (D:7)
  18 adders
  7 river rats
  A shadow imp (D:10)
  An ooze (D:1)
  An adder zombie (D:3)
  An adder skeleton (D:7)
  4 worms (D:3)
  4 leopard geckos
  67 orcs
  11 bats
  5 giant cockroaches
  31 goblins
  28 hobgoblins
  19 kobolds
  5 quokkas
  4 ball pythons
  11 frilled lizards
  2 leopard gecko skeletons
  A leopard gecko zombie (D:3)
  A quokka skeleton (D:7)
  2 quokka zombies
  12 rats
  3 bushes (Lair:3)
723 creatures vanquished.

Vanquished Creatures (collateral kills)
  Rupert (Snake:1)
  A fire dragon (D:12)
  A shambling mangrove (Swamp:2)
  2 alligators
  Urug (Lair:1)
  A two-headed ogre (D:11)
  A shock serpent (Snake:1)
  A spriggan druid (Swamp:3)
  An ugly thing (D:12)
  2 cyclopes
  4 black mambas
  3 spiny frogs
  A komodo dragon (Lair:6)
  A troll (Orc:1)
  3 hornets (Swamp:2)
  3 slime creatures
  4 blink frogs
  A spriggan (Swamp:2)
  7 yaks
  5 vampire mosquitoes
  A naga (Snake:2)
  A warg (Orc:1)
  2 insubstantial wisps (Swamp:1)
  A swamp worm (Swamp:2)
  2 porcupines
  4 water moccasins
  3 orc warriors (Orc:2)
  2 ice beasts (Orc:2)
  A sky beast (D:10)
  2 ogres
  3 wolves
  2 centaurs
  A crocodile (Lair:2)
  4 bullfrogs
  A wyvern zombie (D:10)
  4 killer bees
  2 wights (D:9)
  A crimson imp (D:6)
  A quasit (D:12)
  A hound (D:7)
  A jelly (D:7)
  3 orc wizards
  An iguana (Lair:6)
  A worker ant (D:9)
  A mummy (D:9)
  A worker ant zombie (D:10)
  2 adders
  A gnoll (D:5)
  A shadow imp (D:9)
  A leopard gecko (D:11)
  14 orcs
  2 ball pythons (Sewer)
  11 goblins (D:5)
  8 hobgoblins (D:5)
  2 bats (D:5)
  A frilled lizard (Sewer)
  2 kobolds (D:12)
  A leopard gecko zombie (D:6)
  A fungus (Lair:4)
  2 plants (Lair:6)
140 creatures vanquished.

Vanquished Creatures (others)
  A fire dragon (Lair:6)
  A hydra (Swamp:1)
  A cyclops (Orc:2)
  A komodo dragon (Lair:6)
  A vampire mosquito (Swamp:3)
  A crocodile (Lair:6)
  An orc wizard (D:13)
  22 hexers
  An ancestor (D:5)
  6 orcs
  A hobgoblin (D:5)
  12 fungi
  42 plants
91 creatures vanquished.

Grand Total: 954 creatures vanquished

Notes
Turn   | Place    | Note
-------+----------+-------------------------------------------
     0 | D:1      | KristoblXynda the Draconian Hunter began the quest for the
                  | Orb.
     0 | D:1      | Reached XP level 1. HP: 17/17 MP: 1/1
   398 | D:1      | Reached XP level 2. HP: 16/24 MP: 2/2
  1361 | D:2      | Noticed Natasha
  1364 | D:2      | Noticed a crimson imp
  1369 | D:2      | Noticed a crimson imp
  1370 | D:2      | Killed Natasha
  1370 | D:2      | Reached XP level 3. HP: 29/29 MP: 3/3
  1507 | D:2      | Found a faded altar of an unknown god.
  1538 | D:2      | Reached skill level 1 in Short Blades
  1558 | D:2      | Found a white marble altar of Elyvilon.
  1591 | D:2      | Noticed Natasha
  1606 | D:2      | Killed Natasha
  1606 | D:2      | Reached XP level 4. HP: 19/36 MP: 1/4
  1910 | D:2      | Noticed Natasha
  1914 | D:2      | Killed Natasha
  2038 | D:3      | Reached XP level 5. HP: 28/41 MP: 5/5
  2249 | D:3      | Found a burning altar of Makhleb.
  2650 | D:3      | Found a bloodstained altar of Trog.
  2898 | D:3      | Found a snail-covered altar of Cheibriados.
  3070 | D:3      | Found a stormy altar of Qazlal.
  3077 | D:3      | Found a shattered altar of Ashenzari.
  3128 | D:3      | Noticed a cacodemon
  3131 | D:3      | Noticed an orange demon
  3131 | D:3      | Noticed a hellwing
  3234 | D:4      | Noticed Eustachio
  3313 | D:4      | Found a runed door.
  3318 | D:4      | Noticed Crazy Yiuf
  3330 | D:4      | Killed Crazy Yiuf
  3330 | D:4      | Reached XP level 6. HP: 23/48 MP: 3/6
  3658 | D:4      | Noticed Robin
  3803 | D:4      | Killed Eustachio
  3803 | D:4      | Reached skill level 5 in Crossbows
  4030 | D:4      | Found a runed gate.
  4031 | D:4      | Found a runed gate.
  4032 | D:4      | Found a runed gate.
  4153 | D:4      | Found a sparkling altar of Nemelex Xobeh.
  4209 | D:4      | Your scales start taking on a fiery red colour.
  4209 | D:4      | Reached XP level 7. HP: 48/55 MP: 4/7
  4209 | D:4      | Gained mutation: Your flesh is heat resistant. (rF+) [Red
                  | Draconian growth]
  4212 | D:4      | Killed Robin
  4381 | D:4      | Found a shimmering altar of Xom.
  4505 | D:4      | Noticed Arum's ghost (novice DrCK)
  4647 | D:5      | Entered Level 5 of the Dungeon
  4817 | D:5      | Found a staircase to the Ecumenical Temple.
  4824 | Temple   | Entered the Ecumenical Temple
  4995 | Temple   | Became a worshipper of Hepliaklqana the Forgotten
  5109 | D:5      | Reached skill level 5 in Dodging
  5213 | D:5      | Reached XP level 8. HP: 33/54 MP: 4/8
  5222 | D:5      | Reached skill level 5 in Short Blades
  6105 | D:6      | Reached skill level 1 in Invocations
  6165 | D:6      | Reached * piety under Hepliaklqana
  6385 | D:6      | Reached XP level 9. HP: 57/63 MP: 11/11
  6495 | D:6      | Found a basalt altar of Yredelemnul.
  6534 | D:6      | Reached skill level 1 in Evocations
  6677 | D:6      | Found a glowing drain.
  6685 | Sewer    | Entered a sewer
  7227 | D:6      | Found an iron altar of Okawaru.
  7804 | D:7      | Reached ** piety under Hepliaklqana
  7805 | D:7      | Remembered your ancestor Ilshubani as a hexer
  7838 | D:7      | Found a blossoming altar of Fedhas.
  8028 | D:7      | Found Doniol's Assorted Antiques.
  8047 | D:7      | Bought a clouded crystal amulet for 155 gold pieces
  8048 | D:7      | Identified the amulet "Zos Vyt" {Reflect Str+3 Int+3 Dex+4
                  | SH+3} (You bought it in a shop on level 7 of the Dungeon)
  8359 | D:7      | You fall through a shaft!
  8607 | D:8      | Reached skill level 5 in Invocations
  8631 | D:8      | Noticed Grum
  8651 | D:8      | Killed Grum
  8678 | D:8      | Reached XP level 10. HP: 14/72 MP: 6/14
  9032 | D:8      | Found a staircase to the Lair.
  9049 | D:8      | Reached skill level 5 in Fighting
  9299 | D:8      | Identified the Almanac of Supportive Sinister Secrets
  9426 | D:8      | Found a radiant altar of Vehumet.
  9431 | D:8      | Reached *** piety under Hepliaklqana
  9507 | D:8      | Found Faluissieg's Distillery.
 10130 | Lair:1   | Entered Level 1 of the Lair of Beasts
 10692 | D:9      | Reached skill level 5 in Evocations
 11031 | D:9      | Found an ancient bone altar of Kikubaaqudgha.
 11156 | D:9      | Reached skill level 1 in Stealth
 11343 | D:10     | Entered Level 10 of the Dungeon
 11551 | D:10     | Noticed Gastronok
 11564 | D:10     | Killed Gastronok
 11564 | D:10     | Reached XP level 11. HP: 73/80 MP: 14/16
 11572 | D:10     | Noticed Erica
 11589 | D:10     | Killed Erica
 11812 | D:10     | Found a runed door.
 11813 | D:10     | Noticed an orange crystal statue
 11824 | D:10     | Found the +10 large shield of Ignorance {rN+ Int-4}
 11829 | D:10     | Found a runed door.
 11941 | D:10     | Reached **** piety under Hepliaklqana
 12164 | D:10     | Found a staircase to the Orcish Mines.
 12666 | D:11     | Reached skill level 1 in Long Blades
 13128 | D:12     | Noticed a deep elf mage
 13140 | D:12     | Killed a deep elf mage
 13140 | D:12     | Reached skill level 2 in Long Blades
 13192 | D:12     | Noticed a two-headed ogre
 13475 | D:12     | Reached skill level 8 in Long Blades
 13475 | D:12     | Reached XP level 12. HP: 86/86 MP: 18/18
 13520 | D:12     | Found Ujeich's Distillery.
 13572 | D:12     | Reached skill level 5 in Stealth
 13574 | D:12     | Reached skill level 10 in Crossbows
 13629 | D:12     | Noticed a fire dragon
 13648 | D:12     | Killed a fire dragon
 13648 | D:12     | Reached skill level 9 in Long Blades
 13697 | D:12     | Noticed a sphinx
 13700 | D:12     | Paralysed by a sphinx for 2 turns
 14086 | Lair:1   | Noticed Sonja
 14109 | Lair:1   | Killed Sonja
 14225 | Lair:1   | Noticed an eight-headed hydra
 14231 | Lair:1   | Killed a seven-headed hydra
 14231 | Lair:1   | Reached XP level 13. HP: 46/91 MP: 12/19
 14835 | Lair:1   | Noticed Urug
 14842 | Lair:1   | Killed Urug
 16038 | Lair:2   | Found a staircase to the Snake Pit.
 16115 | Lair:2   | Reached skill level 10 in Invocations
 16452 | Lair:2   | Reached ***** piety under Hepliaklqana
 16880 | Lair:3   | Gained mutation: You evolve. [potion of mutation]
 16880 | Lair:3   | Gained mutation: You are frail. (-10% HP) [potion of
                  | mutation]
 16880 | Lair:3   | Gained mutation: You have large cloven feet. [potion of
                  | mutation]
 16881 | Lair:3   | Lost mutation: You are frail. (-10% HP) [potion of
                  | mutation]
 16881 | Lair:3   | Lost mutation: You have large cloven feet. [potion of
                  | mutation]
 16881 | Lair:3   | Gained mutation: You are weak. (Str -2) [potion of
                  | mutation]
 16881 | Lair:3   | Gained mutation: Your spells are a little easier to cast,
                  | but a little less powerful. [potion of mutation]
 16881 | Lair:3   | Lost mutation: Your spells are a little easier to cast, but
                  | a little less powerful. [potion of mutation]
 17791 | Lair:3   | Learned a level 3 spell: Vampiric Draining
 17811 | Lair:3   | Found a staircase to the Swamp.
 18078 | Lair:3   | Lost mutation: You are weak. (Str -2) [evolution]
 18647 | Lair:4   | Reached skill level 1 in Spellcasting
 21024 | Lair:6   | Entered Level 6 of the Lair of Beasts
 21028 | Lair:6   | Noticed a fire dragon
 21046 | Lair:6   | Killed a fire dragon
 21046 | Lair:6   | Reached XP level 14. HP: 99/99 MP: 21/21
 21614 | Lair:6   | Reached skill level 10 in Long Blades
 21962 | Lair:6   | Reached ****** piety under Hepliaklqana
 22013 | Lair:6   | Found a staircase to the Slime Pits.
 22014 | Lair:6   | Found a viscous altar of Jiyva.
 22361 | Lair:6   | Reached skill level 10 in Evocations
 23401 | Lair:6   | Gained mutation: Your muscles are strong. (Str +2)
                  | [evolution]
 23851 | Orc:1    | Entered Level 1 of the Orcish Mines
 23859 | Orc:1    | Noticed an orc warlord
 23919 | D:10     | Killed an orc warlord
 24160 | Orc:1    | Found Weosint's General Store.
 24181 | Orc:1    | Reached skill level 1 in Necromancy
 24199 | Orc:1    | Found a radiant altar of Vehumet.
 24203 | Orc:1    | Bought a book of Maledictions for 300 gold pieces
 24385 | Orc:2    | Entered Level 2 of the Orcish Mines
 24390 | Orc:2    | Found a frozen archway.
 24402 | Orc:2    | Reached skill level 5 in Spellcasting
 24419 | Orc:2    | Found Raareudgh's Magic Scroll Shoppe.
 24421 | IceCv    | Entered an ice cave
 24788 | Orc:2    | Bought a scroll of teleportation for 42 gold pieces
 24788 | Orc:2    | Bought a scroll of magic mapping for 49 gold pieces
 24896 | Orc:2    | Found a staircase to the Elven Halls.
 24919 | Elf:1    | Entered Level 1 of the Elven Halls
 24919 | Elf:1    | Noticed a deep elf elementalist
 24926 | Orc:2    | Found Musi's Antique Armour Emporium.
 25885 | Orc:2    | Found Acvadich's General Store.
 25885 | Orc:2    | Found Sityoh's General Store.
 25889 | Orc:2    | Found Hyc Uria's Armour Emporium.
 25891 | Orc:2    | Found Giril's Armour Shop.
 25907 | Orc:2    | Bought a scroll of acquirement for 624 gold pieces
 25909 | Orc:2    | Bought the +0 buckler "Uhihanoi" {rC+} for 203 gold pieces
 26305 | Orc:2    | Found Gidixaypn's Distillery.
 26313 | Orc:2    | Bought a potion of heal wounds for 80 gold pieces
 26704 | Orc:1    | Found Ysiomiuc's Book Shoppe.
 26775 | Orc:1    | Found Niajuz's Magic Scroll Boutique.
 26801 | Orc:1    | Bought a scroll of enchant weapon for 97 gold pieces
 26834 | Orc:1    | Found Buismimu's Gadget Shop.
 26852 | Orc:1    | Found Imythaci's Jewellery Shop.
 27018 | D:12     | Paralysed by a sphinx for 2 turns
 27021 | D:12     | Killed a sphinx
 27021 | D:12     | Reached XP level 15. HP: 78/110 MP: 17/23
 27439 | D:12     | Reached skill level 11 in Long Blades
 27629 | D:12     | Bought a potion of heal wounds for 75 gold pieces
 27649 | D:12     | Found Boji's Gadget Shoppe.
 27726 | D:12     | Found a sacrificial altar of Ru.
 27726 | D:12     | Found a shimmering altar of Xom.
 27880 | D:13     | Reached skill level 10 in Dodging
 28283 | Swamp:1  | Entered Level 1 of the Swamp
 28383 | Swamp:1  | Reached skill level 1 in Shields
 29875 | Swamp:1  | Gained mutation: You are frail. (-10% HP) [evolution]
 31133 | Swamp:2  | Noticed a thorn hunter
 31147 | Swamp:2  | Killed a thorn hunter
 31387 | Swamp:2  | Reached skill level 5 in Necromancy
 31870 | Swamp:2  | Learned a level 4 spell: Summon Lightning Spire
 31997 | Swamp:2  | Reached skill level 10 in Fighting
 32898 | Swamp:3  | Noticed Nikola
 33161 | Snake:1  | Entered Level 1 of the Snake Pit
 33172 | Snake:1  | Reached skill level 1 in Air Magic
 33173 | Snake:1  | Found Zuwoku's Armour Emporium.
 33174 | Snake:1  | Noticed Rupert
 33178 | Snake:1  | Found a shadowy altar of Dithmenos.
 33353 | Snake:1  | Killed Rupert
 33418 | Snake:1  | Reached skill level 12 in Long Blades
 34001 | Snake:1  | Gained mutation: You have a beak for a mouth. [evolution]
 34001 | Snake:1  | Lost mutation: You evolve. [end of evolution]
 34020 | Snake:1  | Lost mutation: Your muscles are strong. (Str +2) [potion of
                  | mutation]
 34020 | Snake:1  | Lost mutation: You are frail. (-10% HP) [potion of
                  | mutation]
 34020 | Snake:1  | Gained mutation: You have a pair of small antennae on your
                  | head. [potion of mutation]
 34020 | Snake:1  | Gained mutation: Your tail ends in a poisonous barb.
                  | [potion of mutation]
 34277 | Snake:1  | Reached XP level 16. HP: 62/120 MP: 12/27
 35000 | Snake:2  | Found a runed door.
 35002 | Snake:2  | Noticed mopl's ghost (adept MfAK)
 35052 | Snake:2  | Mangled by mopl's ghost

Vault maps used:
D:1:      dpeg_arrival_arbitrary_a
D:2:      lemuel_round_altar, chequers_ecumenical_altar_grove, uniq_natasha
D:3:      makhleb_altar_promises_db, nicolae_overflow_crystal_walls,
          bloody_trog, amethyst_overflow_temple_binary, serial_undead,
          serial_undead_f, serial_undead_e, serial_undead_e, serial_undead_d,
          first_ration, minmay_strange_pillars
D:4:      old_standard_altar, nemelex_altar_shiori, ebering_ghost_rock_garden,
          uniq_robin, uniq_crazy_yiuf_cottage, uniq_eustachio
D:5:      minmay_goblin_kobold_castle, minmay_temple_entry_overgrown,
          roderic_batcave
D:6:      lemuel_doored_altar, okawaru_altar_gauntlet_db, gup_sewer_entry_spiral
D:7:      lemuel_round_altar, the_bakery, kennysheep_small_square
D:8:      vehumet_altar_wand_db, david_lair_shrubbed, serial_shops,
          nicolae_shop_waterfront, uniq_grum
D:9:      lemuel_mausoleum_altar_kikubaaqudgha
D:10:     orc_0_dummy, chequers_guarded_unrand_ignorance, uniq_erica,
          uniq_gastronok
D:12:     serial_shops, shop, kennysheep_mini_moat, jmf_multi_god_temple
D:13:     nzn_motion_control, lemuel_freeze_loot_1
Temple:   compressed_dpeg_triangle_lava_temple
Lair:1:   cheibrodos_lair_river_kwai, hangedman_lair_unloving_vines,
          lemuel_old_faithful, uniq_urug, uniq_sonja
Lair:2:   minmay_snake_entry_six_corridors, ldierk_geyser
Lair:3:   minmay_swamp_entry_swarm, serial_bayou_pond_d,
          minmay_lair_oklob_bushes
Lair:4:   grunt_megastairs_4
Lair:5:   minmay_lair_oklob_chamber, grunt_megastairs_5
Lair:6:   hangedman_lair_in_review, guppyfry_lair_end_dragon, slime_altar_1,
          grunt_forest_large_clearings
Swamp:1:  serial_swamp_ruin, evilmike_swamp_ruin_rubble_1,
          evilmike_swamp_ruin_house_2, evilmike_swamp_ruin_house_5
Swamp:2:  evilmike_swamp_ruin_house_4
Swamp:3:  cheibrodos_swamp_monstrosity, evilmike_swamp_ruin_wall, uniq_jorgrun,
          uniq_nikola
Snake:1:  serial_shops, shop, basic_altar, uniq_rupert
Snake:2:  ebering_ghost_inner_flame
Orc:1:    serial_shops, shop, shop, nicolae_shop_behind_doors, shop_scrolls,
          nicolae_shop_statue_plus, basic_altar
Orc:2:    st_orc_rangers, serial_shops, nicolae_shop_window_shopping, shop,
          nicolae_shop_crystal, portal_ice_cave_entry_ice_beasts
Elf:1:    minmay_elf_arrival_circle, serial_shops, shop,
          kennysheep_underground_church, serial_sigils_hangedman_quiver
Sewer:    sewer_co_cracked_pipes
IceCv:    ice_cave_small_necro

Skill      XL: |  1  2  3  4  5  6  7  8  9 10 11 12 13 14 15 16 |
---------------+-------------------------------------------------+-----
Dodging        | 2 3 4 5 6 7 8 9 10 | 10.0
Crossbows      | 4 5 6 7 8 9 10 11 | 11.0
Short Blades   | 1 2 3 4 5 |  5.0
Fighting       | 3 4 6 8 10 | 10.1
Invocations    | 3 5 7 8 9 10 | 10.0
Evocations     | 4 6 7 9 10 | 10.3
Stealth        | 3 4 5 7 |  7.0
Long Blades    | 8 9 10 12 | 12.2
Spellcasting   | 2 5 7 8 |  8.0
Necromancy     | 3 5 |  5.0
Shields        | 4 |  4.0
Air Magic      | 3 |  3.5

Action                   |  1- 3 |  4- 6 |  7- 9 | 10-12 | 13-15 | 16-18 || total
-------------------------+-------+-------+-------+-------+-------+-------++-------
Melee: Short sword       |   107 |   171 |   150 |   381 |       |       ||   809
       Tailslap          |    13 |    28 |    64 |   122 |   344 |     6 ||   577
       Hand crossbow     |     1 |       |       |       |       |       ||     1
       Quarterstaff      |       |    25 |   361 |       |       |       ||   386
       Scimitar          |       |       |       |   194 |  1418 |    45 ||  1657
       Peck              |       |       |       |       |     6 |    12 ||    18
 Fire: Hand crossbow     |     7 |    20 |    16 |     1 |    29 |       ||    73
Invok: Ancestor Life: He |       |       |     1 |       |       |       ||     1
       Recall Ancestor   |       |       |       |       |     2 |       ||     2
 Abil: Breathe Fire      |       |       |    10 |    19 |    29 |     1 ||    59
Evoke: Wand              |       |       |       |     7 |    19 |       ||    26
       Lamp of fire      |       |       |       |       |     1 |       ||     1
       Phantom mirror    |       |       |       |       |     1 |       ||     1
  Use: Scroll            |       |     9 |     8 |    13 |    19 |       ||    49
       Potion            |       |       |     4 |     5 |    18 |     2 ||    29
 Stab: Sleeping          |     1 |     1 |     6 |     8 |    12 |     1 ||    29
       Petrified         |       |       |     1 |       |       |       ||     1
       Distracted        |       |       |     3 |     3 |    27 |     1 ||    34
       Paralysed         |       |       |     2 |     2 |    29 |     2 ||    35
       Confused          |       |       |       |     6 |    13 |       ||    19
  Eat: Chunk             |     1 |     6 |    11 |    11 |    20 |       ||    49
       Ration            |       |     1 |     2 |     5 |    15 |       ||    23
Armor: Skin              |    44 |    59 |   220 |   128 |   298 |     8 ||   757
Dodge: Dodged            |    89 |   158 |   634 |   432 |  1111 |    11 ||  2435
Block: Other             |       |       |     6 |    66 |   130 |       ||   202
       Reflection        |       |       |       |     1 |    24 |       ||    25
       Buckler           |       |       |       |       |   140 |     4 ||   144
       Rpst.: Scimitar   |       |       |       |    45 |   275 |     2 ||   322

Table legend:
 A = Non-vault XP
 B = Vault XP
 C = Vault XP percentage of total XP
 D = Non-vault monster count
 E = Vault monster count
 F = Vault count percentage of total count
                 A         B        C        D         E       F
            +---------+---------+-------+---------+---------+-------
      Total |   93967 |   47907 |  33.8 |     555 |     309 |  35.8
            +---------+---------+-------+---------+---------+-------
        D:1 |      29 |       0 |   0.0 |      15 |       0 |   0.0
        D:2 |      89 |      35 |  28.2 |      13 |       1 |   7.1
        D:3 |     164 |      28 |  14.6 |      24 |       4 |  14.3
        D:4 |     247 |     272 |  52.4 |      16 |      14 |  46.7
        D:5 |     576 |     569 |  49.7 |      14 |      74 |  84.1
        D:6 |    1054 |      82 |   7.2 |      27 |      13 |  32.5
        D:7 |    1325 |     333 |  20.1 |      19 |       2 |   9.5
        D:8 |    1113 |     780 |  41.2 |      11 |       5 |  31.2
        D:9 |     889 |     672 |  43.0 |      24 |      12 |  33.3
       D:10 |    3063 |    3131 |  50.5 |      17 |       2 |  10.5
       D:11 |    3723 |       0 |   0.0 |      30 |       0 |   0.0
       D:12 |    6179 |    4968 |  44.6 |      45 |       4 |   8.2
       D:13 |    2909 |       0 |   0.0 |      20 |       0 |   0.0
     Lair:1 |    4856 |    3855 |  44.3 |      23 |       8 |  25.8
     Lair:2 |    7303 |    1672 |  18.6 |      28 |      14 |  33.3
     Lair:3 |    1607 |    1451 |  47.4 |       8 |       6 |  42.9
     Lair:4 |    1674 |     405 |  19.5 |       7 |       2 |  22.2
     Lair:5 |    3542 |    1191 |  25.2 |      17 |       5 |  22.7
     Lair:6 |    4230 |   19508 |  82.2 |      16 |      71 |  81.6
    Swamp:1 |   10499 |       0 |   0.0 |      35 |       0 |   0.0
    Swamp:2 |   14522 |       0 |   0.0 |      35 |       0 |   0.0
    Swamp:3 |    5297 |       0 |   0.0 |      10 |       0 |   0.0
    Snake:1 |   11893 |    2356 |  16.5 |      26 |       1 |   3.7
    Snake:2 |    1571 |     166 |   9.6 |       3 |       1 |  25.0
      Orc:1 |    3918 |       0 |   0.0 |      56 |       0 |   0.0
      Orc:2 |    1695 |    6168 |  78.4 |      16 |      48 |  75.0
      Sewer |       0 |      95 | 100.0 |       0 |      21 | 100.0
      IceCv |       0 |     170 | 100.0 |       0 |       1 | 100.0
            +---------+---------+-------+---------+---------+-------
